 Dungeon Crawl Stone Soup version 0.31.0-32-g396128a36d (webtiles) character file.

Game seed: 3568647397446129243

353114 jimmypageman the Hoplite (level 21, -9/204 HPs)
             Began as a Minotaur Fighter on Apr 11, 2024.
             Was the Champion of Okawaru.
             Mangled by a +2 lajatang of electrocution (14 damage)
             ... on level 2 of the Elven Halls.
             The game lasted 01:05:25 (54651 turns).

jimmypageman the Hoplite (Minotaur Fighter)        Turns: 54651, Time: 01:05:26

Health: -9/204     AC: 45    Str: 25    XL:     21   Next: 33%
Magic:  40/40      EV: 12    Int: 10    God:    Okawaru [******]
Gold:   4305       SH: 26    Dex: 29    Spells: 20/20 levels left

rFire   + + .        X - +7 double sword (elec)
rCold   + + .        w - +0 kite shield {AC+3}
rNeg    . . .        Y - +4 gold dragon scales
rPois   +            c - +3 hat of Pondering {ponderous, Will+ MP+10 Int+5}
rElec   .            f - +1 cloak of Yredelemnul's Delight {Harm Rampage rPois Slay+2}
rCorr   .            y - +2 pair of gloves "Fouhihewitt" {rF+ rC+}
SInv    .            k - +1 pair of boots "Geveh" {Will+}
Will    +++..        C - amulet of reflection Stlth
                     E - +6 ring of dexterity
HPRegen 0.54/turn    W - +6 ring of dexterity
MPRegen 0.27/turn

%: harm (+30% outgoing, +20% incoming), reflection, rampage
@: heroic, slow
A: horns 2, retaliatory headbutt
}: 2/15 runes: serpentine, barnacled
a: Renounce Religion, Heroism, Finesse, Duel


You were on level 2 of the Elven Halls.
You worshipped Okawaru.
Okawaru was exalted by your worship.
You visited 8 branches of the dungeon, and saw 37 of its levels.
You also visited: Sewer.

You collected 6243 gold pieces.
You spent 1938 gold pieces at shops.

Inventory:

Hand Weapons
 i - the +7 Throatcutter {drain, coup de grace}
   (You took it off Terence on level 2 of the Dungeon)
 N - a +0 spectral demon blade
 X - a +7 double sword of electrocution (weapon)
Missiles
 z - 6 throwing nets
 B - 37 boomerangs
 Q - 27 javelins
 T - 13 silver javelins
Armour
 c - the +3 hat of Pondering (worn) {ponderous, Will+ MP+10 Int+5}
   (You took it off Gastronok on level 1 of the Orcish Mines)

   Int+5:     It affects your intelligence (+5).
   Will+:     It increases your willpower.
   MP+10:     It affects your magic capacity (+10).
 f - the +1 cloak of Yredelemnul's Delight (worn) {Harm Rampage rPois Slay+2}
   (You acquired it on level 3 of the Snake Pit)

   Slay+2:    It affects your accuracy & damage with ranged weapons and melee
   (+2).
   rPois:     It protects you from poison Harm: It increases damage dealt and
   taken.
   Rampage:   It bestows one free step when moving towards enemies.
 k - the +1 pair of boots "Geveh" (worn) {Will+}
   (You found it on level 4 of the Lair of Beasts)

   Will+:     It increases your willpower.
 w - a +0 kite shield of protection (worn)
 y - the +2 pair of gloves "Fouhihewitt" (worn) {rF+ rC+}
   (You bought it in a shop on level 2 of the Shoals)

   rF+:       It protects you from fire.
   rC+:       It protects you from cold.
 M - a scarf of repulsion
 Y - +4 gold dragon scales (worn)
Jewellery
 b - a ring of flight
 h - a ring of willpower
 C - an amulet of reflection (around neck)
 E - a +6 ring of dexterity (left hand)
 W - a +6 ring of dexterity (right hand)
Wands
 g - a wand of paralysis (34) (quivered)
 F - a wand of iceblast (30)
 G - a wand of mindburst (59)
 K - a wand of digging (14)
 L - a wand of acid (24)
 O - a wand of flame (8)
Scrolls
 a - 7 scrolls of teleportation
 q - 2 scrolls of fog
 r - 2 scrolls of blinking
 s - 11 scrolls of identify
 t - 5 scrolls of brand weapon
 H - a scroll of enchant weapon
 I - 4 scrolls of fear
 Z - 6 scrolls of revelation
Potions
 d - 8 potions of might
 e - 4 potions of magic
 j - 12 potions of curing
 l - a potion of experience
 m - 2 potions of haste
 o - 7 potions of heal wounds
 p - 6 potions of enlightenment
 u - 10 potions of lignification
 v - 2 potions of cancellation
 x - 3 potions of ambrosia
 A - a potion of attraction
 J - 3 potions of berserk rage
 S - a potion of mutation
 U - 5 potions of resistance
 V - a potion of invisibility
Miscellaneous
 n - a tin of tremorstones (2/2)
 D - a lightning rod (4/4)
 R - a phial of floods


   Skills:
 + Level 21.3(26.3) Fighting
 - Level 22.0(27) Long Blades
 - Level 3.7(8.7) Axes
 - Level 12.0(17.0) Throwing
 + Level 19.4(24.4) Armour
 + Level 2.0(7.0) Dodging
 - Level 22.0(27) Shields
 * Level 14.0 Invocations


You had 20 spell levels left.
You didn't know any spells.
Your spell library contained the following spells:

 Spells                   Type           Power      Damage    Failure   Level
 Foxfire                  Conj/Fire      0%         2x1d4     98%         1
 Kiss of Death            Conj/Necr      0%         2d5       98%         1
 Shock                    Conj/Air       0%         1d3       98%         1
 Slow                     Hex            0%         N/A       98%         1
 Lesser Beckoning         Tloc           0%         N/A       99%         2
 Sublimation of Blood     Necr           0%         N/A       99%         2
 Confusing Touch          Hex            0%         N/A       100%        3
 Dazzling Flash           Conj/Hex       0%         N/A       100%        3
 Gell's Gravitas          Tloc           0%         N/A       100%        3
 Mephitic Cloud           Conj/Alch/Air  0%         N/A       100%        3
 Passwall                 Erth           0%         N/A       100%        3
 Sigil of Binding         Hex            0%         N/A       100%        3
 Stone Arrow              Conj/Erth      0%         3d7       100%        3
 Swiftness                Air            0%         N/A       100%        3
 Teleport Other           Tloc           0%         N/A       100%        3
 Vampiric Draining        Necr           0%         2d6       100%        3
 Volatile Blastmotes      Fire/Tloc      0%         2d10      100%        3
 Airstrike                Air            0%         2d(0-16)  100%        4
 Anguish                  Hex/Necr       0%         N/A       100%        4
 Brom's Barrelling Bould  Conj/Erth      0%         2d3       100%        4
 Cause Fear               Hex            0%         N/A       100%        4
 Dimensional Bullseye     Hex/Tloc       0%         N/A       100%        4
 Dispel Undead            Necr           0%         3d6       100%        4
 Iskenderun's Mystic Bla  Conj/Tloc      0%         2d3       100%        4
 Olgreb's Toxic Radiance  Alch           0%         N/A       100%        4
 Passage of Golubria      Tloc           0%         N/A       100%        4
 Borgnjor's Vile Clutch   Necr/Erth      0%         N/A       100%        5
 Curse of Agony           Necr           0%         N/A       100%        5
 Lee's Rapid Deconstruct  Erth           0%         3d4*      100%        5
 Silence                  Hex/Air        0%         N/A       100%        5
 Yara's Violent Unravell  Hex/Alch       0%         3d3       100%        5
 Plasma Beam              Fire/Air       0%         2x1d10    100%        6
 Starburst                Conj/Fire      0%         6d3       100%        6
 Enfeeble                 Hex            0%         N/A       100%        7
 Ozocubu's Refrigeration  Ice            0%         4d7       100%        7
 Borgnjor's Revivificati  Necr           0%         N/A       100%        8
 Discord                  Hex            0%         N/A       100%        8
 Lehudib's Crystal Spear  Conj/Erth      0%         10d2      100%        8
 Maxwell's Capacitive Co  Air            0%         ∞         100%        8
 Death's Door             Necr           0%         N/A       100%        9
 Call Imp                 Summ           Unusable   N/A       N/A         2
 Tukima's Dance           Hex            Unusable   N/A       N/A         3
 Animate Armour           Summ/Erth      Unusable   N/A       N/A         4
 Summon Lightning Spire   Summ/Air       Unusable   N/A       N/A         4
 Haunt                    Necr/Summ      Unusable   N/A       N/A         7
 Summon Hydra             Summ           Unusable   N/A       N/A         7

Dungeon Overview and Level Annotations

Branches:
Dungeon (15/15)            Temple (1/1) D:7            Lair (5/5) D:10
 Shoals (4/4) Lair:3        Snake (4/4) Lair:3        Slime (0/5) Lair:4
    Orc (2/2) D:12            Elf (2/3) Orc:2        Vaults (4/5) D:13
  Crypt (0/3) Vaults:2     Depths (0/4) D:15          Sewer (visited)

Altars:
Ashenzari
Cheibriados
Dithmenos
Elyvilon
Fedhas
Gozag
Hepliaklqana
Kikubaaqudgha
Makhleb
Nemelex Xobeh
Okawaru
Qazlal
Ru
Sif Muna
Trog
Uskayaw
Vehumet
Wu Jian
Xom
Yredelemnul
Zin
The Shining One

Shops:
D:8 [   D:13 *   Orc:2 ([?[   Shoals:1 [(   Shoals:2 *   Vaults:1 =
Vaults:4 [

Portals:
Trove: D:11 (give +6 demon blade)

Annotations:
Lair:3 exclusion: oklob plant


Innate Abilities, Weirdness & Mutations

You have a pair of horns on your head.
You reflexively headbutt those who attack you in melee.


Message History

You hit the +2 lajatang of electrocution.
You headbutt the +2 lajatang of electrocution!
The +2 lajatang of electrocution is heavily damaged.
The +2 lajatang of electrocution hits you but does no damage.
You are electrocuted!
* * * LOW HITPOINT WARNING * * *
Unknown command.
You rampage towards the deep elf knight!
The deep elf knight gestures at you while chanting.
You block the lance of force... and reflect it back!
The lance of force misses the deep elf knight.
A deep elf knight comes into view. It is wielding a +0 long sword.
You slash the deep elf knight!
The deep elf knight is almost dead.
A +4 battleaxe of freezing comes into view.
The +2 lajatang of electrocution hits you but does no damage.
You are electrocuted!
* * * LOW HITPOINT WARNING * * *
The deep elf knight points at you and mumbles some strange words.
You block the shard of ice... and reflect it back!
The shard of ice misses the deep elf knight.
You slash the deep elf knight!
You kill the deep elf knight!
Okawaru accepts your kill.
You block the +2 lajatang of electrocution's attack.
You block the +3 executioner's axe of pain's attack.
Unknown command.
You slice the +3 executioner's axe of pain!!
The +3 executioner's axe of pain falls from the air.
Okawaru accepts your kill.
The +2 lajatang of electrocution hits you but does no damage.
The +2 lajatang of electrocution hits you!!
* * * LOW HITPOINT WARNING * * *
You block the +2 lajatang of electrocution's attack.
You see here a +3 executioner's axe of pain.
The +2 lajatang of electrocution attacks as it pursues you!
The +2 lajatang of electrocution hits you.
* * * LOW HITPOINT WARNING * * *
The +2 lajatang of electrocution hits you!
You die...

................... #.....
................... #.....
.................. #.....
.................. #.....
#......)).....# ## #.....
#....)......# ..# #.....
##..)......## #... #.....
##......))(..###...# #.....
.#.....)...@)).#...# #...>.
...........e.......## #.....
........(....)......########
.....................#
.......).)..)........# #
.....................# #
.......###..........+#######
......# ##....))..#+.'.....
...... #.........##.'.....


You could see a deep elf knight and 2 dancing weapons.

Vanquished Creatures
  Saint Roka (Orc:2)
  Rupert (D:12)
  Asterion (Vaults:1)
  A quicksilver dragon (Snake:4)
  2 sphinxes (Vaults:4)
  3 krakens
  Gastronok (Orc:1)
  The ghost of bigdog255 the Warrior, an adept MiBe of Trog (Snake:3)
  Aizul (Vaults:1)
  Frances (D:13)
  Agnes (Elf:1)
  4 nagarajas
  The ghost of Epraefao the Brawler, a journeyman TrFi of Wu Jian (D:13)
  A frost giant (Vaults:1)
  8 vault wardens
  A deep elf sorcerer (Elf:2)
  5 orc warlords
  A deep elf elementalist (Elf:2)
  10 ironbound thunderhulks
  20 ironbound preservers
  2 formless jellyfish
  A deep elf death mage (Elf:2)
  A stone giant (Vaults:1)
  A war gargoyle (Vaults:1)
  A minotaur (Lair:4)
  A deep elf annihilator (Elf:2)
  Azrael (D:12)
  The ghost of Tuenopt the Wallflower, a journeyman DsAr of Uskayaw (Lair:4)
  7 dire elephants
  An ettin (D:13)
  2 merfolk javelineers (Shoals:4)
  A crystal guardian (Vaults:1)
  7 merfolk impalers
  11 yaktaur captains
  8 great orbs of eyes
  A deep elf high priest (Vaults:3)
  An entropy weaver (Vaults:4)
  9 hydras
  Fannar (Lair:1)
  8 vault guards
  3 peacekeepers
  5 catoblepae
  Harold (Orc:1)
  8 centaur warriors
  6 merfolk avatars
  10 ironbound frosthearts
  An alligator snapping turtle (Shoals:4)
  An ogre mage (Vaults:3)
  3 salamander tyrants
  5 anacondas
  3 merfolk aquamancers (Shoals:2)
  12 two-headed ogres
  15 naga warriors
  A vampire mage (D:15)
  20 dancing weapons
  3 tengu warriors
  A death knight (D:10)
  3 death yaks (Lair:3)
  A satyr (Shoals:4)
  A sphinx skeleton (D:15)
  5 boulder beetles
  Urug (D:12)
  2 orc high priests
  A hell hog (Lair:5)
  11 shock serpents
  8 naga sharpshooters
  5 skysharks
  9 deep elf knights (Elf:2)
  3 skeletal warriors (D:15)
  7 salamander mystics
  18 sea snakes
  A spark wasp zombie (D:15)
  47 deep trolls
  8 deep elf archers
  5 naga ritualists
  5 lindwurms (Vaults:2)
  11 mana vipers
  A necromancer (D:15)
  4 arcanists
  21 ironbound convokers
  20 deep elf pyromancers
  15 orc knights
  6 orc sorcerers
  2 phantasmal warriors
  An oklob plant (Orc:1)
  24 ugly things
  27 deep elf zephyrmancers
  A wolf spider (Lair:5)
  22 harpies
  10 cyclopes
  6 manticores
  A manticore (shapeshifter) (D:10)
  The ghost of yey the Insei, a novice DsGl of Qazlal (D:6)
  8 fauns
  5 elephants (Lair:4)
  21 salamanders
  6 meliai
  4 kobold blastminers (Orc:2)
  5 merfolk sirens
  14 naga magi
  17 vault sentinels
  A black mamba (shapeshifter) (D:10)
  6 water nymphs
  3 guardian serpents
  18 cane toads
  Joseph (D:10)
  3 torpor snails
  A gargoyle (D:12)
  43 black mambas
  11 komodo dragons
  A kobold demonologist (D:12)
  2 rime drakes
  A water nymph (shapeshifter) (Vaults:3)
  An unseen horror (shapeshifter) (D:15)
  4 unseen horrors
  A freezing wraith (D:13)
  An anaconda simulacrum (Lair:1)
  50 yaktaurs
  2 tengu conjurers
  7 trolls
  21 merfolk
  6 wind drakes
  A wolf spider simulacrum (Lair:1)
  3 hornets
  A tarantella (shapeshifter) (D:13)
  Prince Ribbit (D:9)
  10 polar bears
  13 snapping turtles
  19 dream sheep
  10 blink frogs
  37 slime creatures
  4 raiju (Lair:5)
  An air elemental (Elf:1)
  Sigmund (D:2)
  A centaur simulacrum (D:10)
  4 wraiths
  17 water elementals
  5 wargs
  9 wyverns
  5 fire elementals
  6 basilisks
  4 steam dragons
  56 yaks
  15 vampire mosquitoes
  A human (shapeshifter) (D:13)
  6 redbacks
  Edmund (D:6)
  An acid dragon (D:14)
  30 water moccasins
  17 hell hounds
  31 nagas
  A laughing skull (D:10)
  23 orc warriors
  18 black bears
  7 ogres
  A boggart (D:10)
  16 centaurs
  28 wolves
  A gnoll sergeant (D:10)
  4 kobold brigands
  8 bullfrogs
  4 scorpions
  A skyshark simulacrum (Lair:1)
  9 wights
  11 killer bees (D:9)
  7 electric eels
  2 howler monkeys
  A bombardier beetle (D:5)
  3 quasits (D:6)
  A komodo dragon simulacrum (Lair:1)
  A wyvern simulacrum (Lair:1)
  3 jellies
  2 hounds (D:5)
  15 orc priests
  A sleepcap (D:4)
  A water moccasin simulacrum (Lair:1)
  3 iguanas
  Natasha (thrice) (D:4)
  25 orc wizards
  4 hell rats (Lair:4)
  Terence (D:2)
  A bullfrog simulacrum (Lair:1)
  Robin (D:3)
  7 gnolls (D:10)
  11 adders
  A white imp (D:8)
  2 ufetubi (D:7)
  A ribbon worm (D:6)
  13 dart slugs
  91 orcs
  17 endoplasms
  10 giant cockroaches
  22 goblins
  12 hobgoblins
  6 jackals
  17 kobolds
  3 quokkas
  3 training dummies (Shoals:1)
  14 ball pythons
  2 bats (D:2)
  19 frilled lizards
  11 rats
  2 tentacles
1588 creatures vanquished.

Vanquished Creatures (others)
  A merfolk aquamancer (Shoals:4)
  A naga warrior (Snake:4)
  A deep elf knight (Elf:2)
  A naga (Snake:3)
  2 orc priests (Orc:2)
  12 tentacles
18 creatures vanquished.

Grand Total: 1606 creatures vanquished

Notes
Turn   | Place    | Note
-------+----------+-------------------------------------------
     0 | D:1      | jimmypageman the Minotaur Fighter began the quest for the
                  | Orb.
     0 | D:1      | Reached XP level 1. HP: 19/19 MP: 0/0
     2 | D:1      | Noticed a formicid
     2 | D:1      | Noticed a djinni
     4 | D:1      | Noticed a vampire
     6 | D:1      | Noticed a tengu
     6 | D:1      | Noticed a draconian
     9 | D:1      | Noticed a naga
    11 | D:1      | Noticed a vine stalker
    11 | D:1      | Noticed a demigod
    13 | D:1      | Noticed a barachi
    13 | D:1      | Noticed an oni
    15 | D:1      | Noticed a human
    15 | D:1      | Noticed a demonspawn
    17 | D:1      | Noticed a merfolk
    17 | D:1      | Noticed a ghoul
    19 | D:1      | Noticed a spriggan
    19 | D:1      | Noticed a troll
    21 | D:1      | Noticed a minotaur
    21 | D:1      | Noticed an elf
    23 | D:1      | Noticed a felid
    25 | D:1      | Noticed a gargoyle
    25 | D:1      | Noticed an armataur
    27 | D:1      | Noticed an octopode
    84 | D:1      | Reached XP level 2. HP: 20/27 MP: 1/1
   451 | D:1      | Reached XP level 3. HP: 29/33 MP: 2/2
   788 | D:2      | Noticed Terence
   796 | D:2      | Killed Terence
   898 | D:2      | Reached XP level 4. HP: 41/41 MP: 3/3
   971 | D:2      | Noticed Sigmund
   988 | D:2      | Killed Sigmund
   989 | D:2      | Reached skill level 5 in Shields
   989 | D:2      | Reached XP level 5. HP: 28/47 MP: 4/4
   992 | D:2      | Identified the +4 chain mail of Tortured Salvation {-Tele
                  | rElec Will- Str+7}
  1203 | D:2      | You fall into a shaft and drop 2 floors!
  1375 | D:3      | Reached XP level 6. HP: 50/55 MP: 5/5
  1454 | D:3      | Noticed Robin
  1469 | D:3      | Killed Robin
  1646 | D:3      | Found a faded altar of an unknown god.
  2510 | D:4      | Reached skill level 5 in Fighting
  2511 | D:4      | Reached skill level 1 in Dodging
  2516 | D:4      | Reached XP level 7. HP: 15/61 MP: 6/6
  2777 | D:4      | Noticed Natasha
  2783 | D:4      | Killed Natasha
  2784 | D:4      | Reached skill level 5 in Long Blades
  2792 | D:4      | Noticed Natasha
  2797 | D:4      | Killed Natasha
  2852 | D:4      | Noticed Natasha
  2858 | D:4      | Killed Natasha
  2917 | D:4      | Found a sacrificial altar of Ru.
  2978 | D:4      | Reached skill level 5 in Armour
  3147 | D:5      | Entered Level 5 of the Dungeon
  3382 | D:5      | Reached XP level 8. HP: 65/68 MP: 7/7
  4210 | D:6      | Found a transporter.
  4237 | D:6      | Found a transporter.
  4314 | D:6      | Noticed an air elemental
  4317 | D:6      | Found a stormy altar of Qazlal.
  4370 | D:6      | Found a glowing drain.
  4377 | Sewer    | Entered a sewer
  4824 | D:6      | Reached XP level 9. HP: 75/75 MP: 8/8
  4830 | D:6      | Noticed yey's ghost (novice DsGl)
  4867 | D:6      | Noticed Edmund
  4882 | D:6      | Killed Edmund
  4883 | D:6      | Reached skill level 10 in Long Blades
  5189 | D:7      | Found a staircase to the Ecumenical Temple.
  5262 | Temple   | Entered the Ecumenical Temple
  5782 | D:8      | Killed an unseen horror
  6211 | D:8      | Found Faicoul's Antique Armour Emporium.
  6220 | D:8      | Bought an embroidered scarf for 184 gold pieces
  6220 | D:8      | Bought a pair of glowing boots for 172 gold pieces
  6303 | D:8      | Found a shimmering altar of Xom.
  6303 | D:8      | Found an opulent altar of Gozag.
  6310 | D:8      | Found a glowing silver altar of Zin.
  6312 | D:8      | Found a snail-covered altar of Cheibriados.
  6314 | D:8      | Found a faded altar of an unknown god.
  6425 | D:8      | Noticed a two-headed ogre
  6431 | D:8      | Killed a two-headed ogre
  6432 | D:8      | Reached XP level 10. HP: 74/86 MP: 9/9
  6715 | D:9      | Noticed Prince Ribbit
  6726 | D:9      | Killed Prince Ribbit
  7234 | D:9      | Found a glowing golden altar of the Shining One.
  7406 | D:10     | Entered Level 10 of the Dungeon
  7406 | D:10     | Found a staircase to the Lair.
  7750 | D:10     | Noticed a two-headed ogre
  7761 | D:10     | Killed a two-headed ogre
  7776 | D:10     | Reached XP level 11. HP: 77/94 MP: 10/10
  7856 | D:10     | Noticed Joseph
  7856 | D:10     | Paralysed by Joseph for 2 turns
  7865 | D:10     | Paralysed by Joseph for 5 turns
  7879 | D:10     | Killed Joseph
  7938 | D:10     | Paralysed by a hornet for 3 turns
  8687 | D:10     | Found a white marble altar of Elyvilon.
  8763 | D:10     | Found an iron altar of Okawaru.
  8769 | D:10     | Became a worshipper of Warmaster Okawaru
  8949 | D:10     | Reached skill level 10 in Armour
  8956 | D:10     | Reached skill level 1 in Invocations
  8965 | D:10     | Reached * piety under Okawaru
  8966 | D:10     | Reached skill level 10 in Shields
  9445 | D:10     | Identified the +6 shortbow "Uschaadghac" {drain, rF+ Will-
                  | Str+3}
  9560 | D:10     | Noticed a death knight
  9561 | D:10     | Noticed a deep elf pyromancer
  9580 | D:10     | HP: 3/97 [death knight/+2 battleaxe (13)]
 10817 | D:11     | Reached skill level 15 in Long Blades
 11012 | D:11     | Noticed a vault guard
 11027 | D:11     | Killed a vault guard
 11031 | D:11     | Found a portal to a secret trove of treasure.
 11211 | D:11     | Reached ** piety under Okawaru
 11471 | D:12     | Reached XP level 12. HP: 105/105 MP: 13/13
 11664 | D:12     | Reached *** piety under Okawaru
 11860 | D:12     | Noticed Urug
 11866 | D:12     | Killed Urug
 11879 | D:12     | Noticed a centaur warrior
 11885 | D:12     | Killed a centaur warrior
 11890 | D:12     | Reached skill level 10 in Fighting
 12051 | D:12     | Noticed Azrael
 12094 | D:12     | Noticed Rupert
 12109 | D:12     | Killed Rupert
 12871 | D:13     | Noticed a vault guard
 12872 | D:13     | Noticed a two-headed ogre
 12892 | D:13     | Killed a two-headed ogre
 12900 | D:13     | Killed a vault guard
 12902 | D:13     | Reached **** piety under Okawaru
 13467 | D:13     | Found a gate to the Vaults.
 13573 | D:13     | Noticed a tengu warrior
 14604 | D:13     | Reached skill level 5 in Invocations
 15211 | D:12     | Killed Azrael
 15346 | D:12     | Found a staircase to the Orcish Mines.
 15657 | D:12     | Reached XP level 13. HP: 114/114 MP: 14/16
 15796 | Lair:1   | Entered Level 1 of the Lair of Beasts
 16136 | Lair:1   | Noticed Fannar
 16146 | Lair:1   | Killed Fannar
 16240 | Lair:1   | Reached ***** piety under Okawaru
 16495 | Lair:1   | Found a transporter.
 16669 | Lair:1   | Found a transporter.
 17668 | Lair:1   | Identified a scroll of acquirement
 17669 | Lair:1   | Acquired 1335 gold pieces
 18471 | Lair:2   | Identified the +3 quarterstaff "Ejusotin" {venom, rElec rC+
                  | Will+ SInv}
 18670 | Lair:2   | Reached skill level 1 in Throwing
 19660 | Lair:3   | Found a staircase to the Snake Pit.
 19730 | Lair:3   | Found a staircase to the Shoals.
 19874 | Lair:3   | Received a gift from Okawaru
 20204 | Lair:3   | Reached XP level 14. HP: 105/125 MP: 18/18
 20809 | Lair:4   | Found a staircase to the Slime Pits.
 20914 | Lair:4   | Noticed Tuenopt's ghost (journeyman DsAr)
 21058 | Lair:4   | Reached ****** piety under Okawaru
 21071 | Lair:4   | Acquired a +2 double sword of electrocution
 21071 | Lair:4   | Received a gift from Okawaru
 21075 | Lair:4   | Acquired +2 gold dragon scales
 21075 | Lair:4   | Received a gift from Okawaru
 21392 | Lair:4   | Found a runed translucent gate.
 21392 | Lair:4   | Found a runed translucent gate.
 21392 | Lair:4   | Found a runed translucent gate.
 21504 | Lair:4   | Received a gift from Okawaru
 21901 | Lair:4   | Killed Tuenopt's ghost
 22011 | Lair:4   | Identified the +1 pair of boots "Geveh" {Will+}
 22066 | Lair:5   | Entered Level 5 of the Lair of Beasts
 22259 | Lair:5   | Received a gift from Okawaru
 23494 | Lair:5   | Received a gift from Okawaru
 23659 | Lair:5   | Reached skill level 15 in Shields
 23943 | Lair:5   | Reached XP level 15. HP: 134/134 MP: 20/20
 24354 | Lair:5   | Received a gift from Okawaru
 25111 | D:10     | Reached skill level 5 in Throwing
 25389 | D:10     | Got the Annotations on Charming Mud
 25633 | Orc:1    | Entered Level 1 of the Orcish Mines
 25633 | Orc:1    | Noticed Harold
 25640 | Orc:1    | Killed Harold
 25640 | Orc:1    | Received a gift from Okawaru
 25641 | Orc:1    | Noticed Gastronok
 25654 | Orc:1    | Killed Gastronok
 26247 | Orc:2    | Entered Level 2 of the Orcish Mines
 26271 | Orc:2    | Reached skill level 15 in Armour
 26449 | Orc:2    | Noticed Saint Roka
 27598 | Orc:2    | Killed Saint Roka
 27784 | Orc:2    | Found a staircase to the Elven Halls.
 27853 | Orc:2    | Found Luziofuc's Antique Armour Emporium.
 27937 | Orc:2    | Found Teafylav's Magic Scroll Boutique.
 27942 | Orc:2    | Bought a scroll of acquirement for 676 gold pieces
 27942 | Orc:2    | Acquired 733 gold pieces
 28289 | Orc:2    | Found Ciahuupp's Antique Armour Shoppe.
 28291 | Orc:2    | Found Zabborchu's Antique Weapon Emporium.
 28298 | Orc:2    | Bought a pair of glimmering gloves for 247 gold pieces
 28298 | Orc:2    | Identified the +0 pair of gloves of Xom's Grace {Harm
                  | +Blink rF- Regen+} (You bought it in a shop on level 2 of
                  | the Orcish Mines)
 28532 | D:13     | Found a runed translucent gate.
 28532 | D:13     | Found a runed translucent gate.
 28532 | D:13     | Found a runed translucent gate.
 28532 | D:13     | Found an opulent altar of Gozag.
 28532 | D:13     | Found Laedouck's Assorted Antiques.
 28532 | D:13     | Noticed Epraefao's ghost (journeyman TrFi)
 28700 | D:13     | Noticed Frances
 28709 | D:13     | Killed Frances
 29936 | D:13     | Killed Epraefao's ghost
 29999 | D:13     | Bought a potion of curing for 84 gold pieces
 30380 | D:14     | Reached XP level 16. HP: 144/145 MP: 21/21
 31289 | D:15     | Entered Level 15 of the Dungeon
 31428 | D:15     | Found a staircase to the Depths.
 31807 | D:15     | Received a gift from Okawaru
 32607 | Snake:1  | Entered Level 1 of the Snake Pit
 33034 | Snake:1  | Received a gift from Okawaru
 34051 | Snake:1  | Received a gift from Okawaru
 35154 | Snake:2  | Reached XP level 17. HP: 77/154 MP: 23/23
 35160 | Snake:2  | Reached skill level 10 in Invocations
 35190 | Snake:2  | Received a gift from Okawaru
 35508 | Snake:2  | Found a glowing golden altar of the Shining One.
 35902 | Orc:2    | Bought a scroll of teleportation for 39 gold pieces
 35902 | Orc:2    | Bought a scroll of revelation for 97 gold pieces
 35902 | Orc:2    | Bought a scroll of teleportation for 39 gold pieces
 36081 | D:6      | Killed yey's ghost
 36521 | Snake:3  | Found the +8 mithril axe "Arga" {speed, Will+}
 36522 | Snake:3  | Found a transporter.
 36932 | Snake:3  | Noticed bigdog255's ghost (adept MiBe)
 36935 | Snake:3  | Found a transporter.
 37724 | Snake:3  | Killed bigdog255's ghost
 38003 | Snake:3  | Acquired the +1 cloak of Yredelemnul's Delight {Harm
                  | Rampage rPois Slay+2}
 38030 | Snake:4  | Entered Level 4 of the Snake Pit
 38183 | Snake:4  | Reached skill level 15 in Fighting
 38203 | Snake:4  | Received a gift from Okawaru
 38545 | Snake:4  | Noticed a quicksilver dragon
 38552 | Snake:4  | Killed a quicksilver dragon
 39443 | Snake:4  | Got a serpentine rune of Zot
 39851 | Shoals:1 | Entered Level 1 of the Shoals
 39864 | Shoals:1 | Received a gift from Okawaru
 39994 | Shoals:1 | Found Heahel's Firing Range.
 40405 | Shoals:1 | Found Desohun's Antique Armour Shop.
 40530 | Shoals:1 | Noticed a kraken
 40541 | Shoals:1 | Killed a kraken
 40843 | Shoals:2 | Reached XP level 18. HP: 139/163 MP: 25/25
 41010 | Shoals:2 | Found Bawin's Assorted Antiques.
 41128 | Shoals:2 | Bought a scroll of teleportation for 96 gold pieces
 41128 | Shoals:2 | Bought a pair of warped gloves for 304 gold pieces
 41128 | Shoals:2 | Identified the +2 pair of gloves "Fouhihewitt" {rF+ rC+}
                  | (You bought it in a shop on level 2 of the Shoals)
 41671 | Shoals:3 | Received a gift from Okawaru
 41953 | Shoals:3 | Identified the +9 short sword "Kuikhen" {flame, rF+ SInv
                  | Stlth+}
 42758 | Shoals:4 | Entered Level 4 of the Shoals
 42888 | Shoals:4 | Got Xokhlut's Simple Mysticism
 43788 | Shoals:4 | Got a barnacled rune of Zot
 43936 | Shoals:4 | Identified the staff of the Holding Enemy {rElec rN+ Earth}
 44662 | Shoals:4 | Identified the +4 scale mail of Fortification {rCorr Dex+5}
 44777 | Shoals:4 | Received a gift from Okawaru
 45026 | Vaults:1 | Entered Level 1 of the Vaults
 45082 | Vaults:1 | Identified the serpent talisman "Axkyl" {Str+4}
 45082 | Vaults:1 | Noticed Aizul
 45096 | Vaults:1 | Killed Aizul
 45549 | Vaults:1 | Reached XP level 19. HP: 172/172 MP: 26/26
 45768 | Vaults:1 | Received a gift from Okawaru
 45802 | Vaults:1 | Reached skill level 10 in Throwing
 46158 | Vaults:1 | Noticed Asterion
 46169 | Vaults:1 | Killed Asterion
 46820 | Vaults:1 | Found Atiel's Jewellery Boutique.
 46887 | Vaults:1 | Received a gift from Okawaru
 47951 | Vaults:2 | Received a gift from Okawaru
 48142 | Vaults:2 | You fall into a shaft and drop 2 floors!
 48920 | Vaults:4 | Reached XP level 20. HP: 167/187 MP: 28/28
 49309 | Vaults:4 | Found Biqacaj's Antique Armour Emporium.
 49742 | Vaults:3 | Received a gift from Okawaru
 50280 | Vaults:3 | Identified the +4 scale mail "Trusted Companion" {Rampage
                  | rC+ Int+2}
 50551 | Vaults:3 | Received a gift from Okawaru
 51153 | Vaults:3 | Identified the +1 arbalest of the Shore {elec, Str+2}
 51961 | Vaults:2 | Found a staircase to the Crypt.
 51961 | Vaults:2 | Found an ancient bone altar of Kikubaaqudgha.
 51961 | Vaults:2 | Found a basalt altar of Yredelemnul.
 52096 | Vaults:2 | Received a gift from Okawaru
 52274 | Elf:1    | Entered Level 1 of the Elven Halls
 52647 | Elf:1    | Paralysed by an air elemental for 1 turns
 52649 | Elf:1    | Paralysed by an air elemental for 1 turns
 53137 | Elf:1    | Noticed Agnes
 53139 | Elf:1    | Killed Agnes
 53229 | Elf:1    | Reached XP level 21. HP: 200/202 MP: 30/30
 53800 | Elf:2    | Received a gift from Okawaru
 54500 | Elf:2    | Found a runed translucent gate.
 54501 | Elf:2    | Found a runed translucent gate.
 54501 | Elf:2    | Found a runed translucent gate.
 54650 | Elf:2    | HP: 7/204 [+2 lajatang of electrocution (36)]
 54651 | Elf:2    | Mangled by a +2 lajatang of electrocution

Illustrated notes

Levels and vault maps discovered:
D:1:      kb_arrival_jail, layout_basic
D:2:      layout_loops_ring, minmay_pentomino_o4, uniq_terence, uniq_sigmund
D:3:      kennysheep_goblin_castle, layout_basic,
          shapermc_ecumenical_altar_notcrosses
D:4:      layout_basic, hangedman_ru_absence, uniq_natasha, uniq_robin
D:5:      layout_basic
D:6:      layout_rooms, nicolae_qazlal_style_of_elements,
          gammafunk_ghost_stat_death,
          mainiacjoe_sewer_entry_somewhere_in_here_2, kb_lookout_dungeons_type,
          uniq_edmund
D:7:      layout_rooms, temple_green
D:8:      layout_basic, chequers_temple_overflow_minitemple, serial_shops, shop,
          dreamdust_deal_with_the_devil, st_stairs_3
D:9:      layout_big_octagon, tso_altar, uniq_prince_ribbit1
D:10:     minmay_the_grid_triangle_9x9_rhombus_full
          [minmay_the_grid_triangle_9x9_sprig,
          minmay_the_grid_triangle_9x9_stretched_checkered,
          minmay_the_grid_triangle_9x9_minimal,
          minmay_the_grid_triangle_9x9_zippers_vertical,
          minmay_the_grid_triangle_9x9_alien,
          minmay_the_grid_triangle_9x9_windchime,
          minmay_the_grid_triangle_9x9_corruption,
          minmay_the_grid_triangle_9x9_prize_center], layout_small_grid,
          okawaru_gym_becter, roadster_trireme, uniq_joseph
D:11:     layout_loops_cross, enter_trove_5
D:12:     layout_irregular_city, minmay_orc_entry_temple_small, minivault_5,
          uniq_urug, uniq_rupert, uniq_azrael
D:13:     layout_loops_cross, erik_vaults_1, ebering_ghost_gozag, uniq_frances
D:14:     layout_small_grid, nrook_mini_vaults
D:15:     gammafunk_depths_entry_grave, layout_basic
Temple:   jpeg_temple_clearing
Lair:1:   gammafunk_cloud_chamber, layout_loops_ring, infiniplex_staircase_pool,
          serial_bayou_shore_a, uniq_fannar
Lair:2:   layout_hall_layers, lemuel_fruit_fields
Lair:3:   layout_chaotic_city, elwin_shoals_entry_rooms, dummy_snake_entry,
          minmay_stone_trees_medium, minmay_lair_oklob_bushes,
          grunt_megastairs_1
Lair:4:   layout_cave_pods, slime_entry_1, maelrawn_ghost_gauntlet_escape
Lair:5:   hangedman_lair_tendril_chambers, layout_loops_ring,
          hangedman_lair_caniforms_friends, nicolae_volcano_entry_s_turn
Shoals:1: layout_shoals, serial_shops, nicolae_shop_pleasant_corner_grove,
          nicolae_shop_firing_range
Shoals:2: layout_shoals, serial_shops, nicolae_shop_hallway_stairs
Shoals:3: layout_shoals
Shoals:4: shoals_end_hangedman, layout_shoals
Snake:1:  layout_basic, nicolae_snake_salamander_fort
Snake:2:  layout_concentric_octagons, basic_altar
Snake:3:  layout_misc_corridors, gammafunk_ghost_arena
Snake:4:  hellmonk_snake_rune_quicksilver_temple, layout_misc_corridors,
          grunt_megastairs_4, lemuel_fruit_tree
Orc:1:    layout_caves, basic_altar, mines3_lemuel, uniq_gastronok, uniq_harold
Orc:2:    grunt_orc_community_town_hall, layout_diamond_mine,
          grunt_orc_community_big_house_1, grunt_orc_community_big_house_2,
          grunt_orc_community_house_2, grunt_orc_community_house_2,
          grunt_orc_community_house_3, grunt_orc_community_house_3,
          grunt_orc_community_house_1, basic_altar, mines2_lemuel
Elf:1:    eino_elf_arrival_customs, layout_loops_cross, minivault_28, uniq_agnes
Elf:2:    elven_hall_of_blades_hangedman_original [nicolae_blade_tridents],
          layout_onion_city
Vaults:1: ontoclasm_vaults_twist, dpeg_vaults_monster_row,
          ontoclasm_vaults_ring_square, ontoclasm_vaults_chip,
          nicolae_vaults_trapezoid_lopsided_4, v_pattern_1, v_misc_9,
          nicolae_vaults_lightning_bolt, v_misc_5, vaults_room_guarded_vault,
          nicolae_vaults_doubleplus_tesselated, nicolae_vaults_tetromino_T_1,
          v_misc_14, nicolae_vaults_tetromino_T_2, layout_vaults_omnibox,
          serial_shops, nicolae_shop_tiny_glass, uniq_aizul, uniq_asterion
Vaults:2: hangedman_vaults_hat, dpeg_vaults_monster_box,
          minmay_crypt_entry_necro_gods, nicolae_vaults_hexular_roomagon,
          vaults_room_hallway, hangedman_vaults_slice, v_alt_pattern_5,
          vaults_standard_mumra_x, vaults_dpeg_encased_lava,
          layout_vaults_omnigrid
Vaults:3: v_pattern_2, nicolae_vaults_yaktaur_gun_rack,
          nicolae_vaults_network_square, nicolae_vaults_specimen_jars,
          nicolae_vaults_minivaults, v_misc_16, hangedman_vaults_slither,
          nicolae_vaults_more_shelving_2, v_misc_9, layout_vaults_omnicross
Vaults:4: nicolae_vaults_door_testing_chamber, nicolae_vaults_closet_pinwheel_1,
          nicolae_vaults_two_Ls, nicolae_vaults_triangles,
          nicolae_vaults_what_the_h, vaults_room_pools,
          nicolae_vaults_trapezoid_lopsided_2, nicolae_vaults_tetromino_T_1,
          vaults_mumra_hexcomb, vaults_room_stairs_pillars,
          ontoclasm_vaults_eye, layout_vaults_ring, serial_shops, shop

Skill      XL: |  1  2  3  4  5  6  7  8  9 10 11 12 13 14 15 16 17 18 19 20 21 |
---------------+----------------------------------------------------------------+-----
Fighting       | 4 5 6 7 8 9 10 11 12 13 14 15 16 17 20 21 | 21.3
Shields        | 4 5 6 7 8 9 10 12 13 15 16 18 20 21 22 | 22.0
Axes           | 3 |  3.7
Long Blades    | 2 4 6 9 12 14 15 16 17 18 19 20 21 22 | 22.0
Armour         | 4 5 6 8 9 11 12 13 14 15 16 17 18 19 | 19.4
Dodging        | 1 2 |  2.0
Invocations    | 3 5 6 8 9 10 11 12 13 14 | 14.0
Throwing       | 2 4 6 7 8 9 11 12 | 12.0

Action                     |  1- 3 |  4- 6 |  7- 9 | 10-12 | 13-15 | 16-18 | 19-21 || total
---------------------------+-------+-------+-------+-------+-------+-------+-------++-------
  Melee: War axe           |    64 |       |       |       |       |       |       ||    64
         Headbutt          |     8 |     8 |    29 |   106 |   287 |   358 |   314 ||  1110
         Long sword        |     7 |    96 |   290 |   488 |   403 |       |       ||  1284
         Double sword      |       |       |       |       |   797 |  1396 |  1015 ||  3208
  Throw: Boomerang         |       |       |       |       |    12 |     5 |       ||    17
 Invoke: Heroism           |       |       |       |     6 |    19 |    16 |    13 ||    54
         Finesse           |       |       |       |       |     6 |     4 |     1 ||    11
         Receive Weapon    |       |       |       |       |     1 |       |       ||     1
         Receive Armour    |       |       |       |       |     1 |       |       ||     1
  Evoke: Wand              |       |       |       |       |     2 |       |       ||     2
    Use: Scroll            |       |     6 |     4 |    14 |    24 |     7 |     1 ||    56
         Potion            |       |     1 |     2 |     3 |     9 |     8 |       ||    23
   Stab: Held in net/web   |       |       |       |       |     1 |       |       ||     1
         Invisible         |       |       |       |       |       |     2 |       ||     2
 Armour: Scale mail        |    40 |       |       |       |       |       |       ||    40
         Plate armour      |     9 |   131 |   185 |   405 |   338 |       |       ||  1068
         Gold dragon scale |       |       |       |       |   627 |   737 |   565 ||  1929
  Dodge: Dodged            |    40 |    52 |   122 |   287 |   385 |   185 |   130 ||  1201
         Repelled          |       |       |       |     2 |     2 |    17 |       ||    21
  Block: Buckler           |    16 |    32 |    60 |   165 |   379 |       |       ||   652
         Kite shield       |       |       |       |       |   357 |  1321 |   925 ||  2603
         Reflection        |       |       |       |       |    36 |   116 |    89 ||   241
